 Dungeon Crawl Stone Soup version 0.23-a0-49-gd9f7a49668 (webtiles) character file.

453 Htamos the Ruffian (level 6, -9/62 HPs)
             Began as a Troll Berserker on Aug 7, 2018.
             Was a Priest of Trog.
             Mangled by kroki's ghost (12 damage)
             ... on level 5 of the Dungeon.
             The game lasted 00:03:31 (3367 turns).

Htamos the Ruffian (Troll Berserker)                Turns: 3367, Time: 00:03:32

Health: -9/62      AC:  6    Str: 28    XL:     6   Next: 75%
Magic:  5/5        EV: 11    Int:  3    God:    Trog [***...]
Gold:   238        SH:  4    Dex:  9    Spells: 5/5 levels left

rFire    . . .     SeeInvis .     - Unarmed
rCold    . . .     Gourm    +   (no shield)
rNeg     . . .     Faith    .   a - +1 animal skin
rPois    .         Spirit   .   (helmet restricted)
rElec    .         Reflect  +   (no cloak)
rCorr    .         Harm     .   (gloves unavailable)
MR       .....                  (boots unavailable)
Stlth    +.........             e - +4 amulet of reflection
HPRegen  0.60/turn              (no ring)
MPRegen  0.09/turn              (no ring)

@: flying
A: large, unfitting armour, claws 3, fast metabolism 3, gourmand, regeneration
1, shaggy fur 1, tough skin 2
a: Berserk, Trog's Hand, Renounce Religion


You were on level 5 of the Dungeon.
You worshipped Trog.
Trog was most pleased with you.
You were very full.

You visited 1 branch of the dungeon, and saw 5 of its levels.

You collected 238 gold pieces.

Inventory:

Armour
 a - a +1 animal skin (worn)
Jewellery
 e - a +4 amulet of reflection (around neck)
 r - a cursed -3 ring of slaying {unknown}
 t - a +5 ring of dexterity {unknown}
Wands
 p - a wand of clouds (4)
Scrolls
 d - a scroll of fear {unknown}
 g - 2 scrolls of immolation
 j - a scroll of enchant weapon
 n - a scroll of enchant armour
 o - a scroll of teleportation {unknown}
 s - a scroll of summoning {unknown}
Potions
 c - 3 potions of curing
 h - a potion of degeneration
 i - 3 potions of haste
 k - a potion of lignification
 q - a potion of might {unknown}
Comestibles
 b - 11 rations


   Skills:
 + Level 3.8 Fighting
 + Level 3.7 Dodging
 * Level 5.8 Unarmed Combat


You had 5 spell levels left.
You didn't know any spells.
Your spell library was empty.

Dungeon Overview and Level Annotations

Branches:
Dungeon (5/15)             Temple (0/1) D:5

Altars:
Okawaru
Ru
Sif Muna
Xom
Yredelemnul

Annotations:
D:5 Rrauwl's ghost, novice GnAK; kroki's ghost, novice VSFi; motoroller71's ghost, novice GnGl; strelocc's ghost, novice DEWz; tidbits's ghost, amateur GnWn


Innate Abilities, Weirdness & Mutations

You are too large for most types of armour.
You have claws for hands.
Your metabolism is lightning-fast.
You like to eat raw meat.
Your natural rate of healing is unusually fast.
You are covered in fur. (AC +1)
You have very tough skin. (AC +2)


Message History

Kroki's ghost hits you!
* * * LOW HITPOINT WARNING * * *
You barely miss strelocc's ghost. You claw strelocc's ghost.
Strelocc's ghost is lightly damaged.
Strelocc's ghost barely misses you.
Kroki's ghost hits you but does no damage.
Unknown command.
As you read the scroll labeled MOATWU ESAVVI, it crumbles to dust.
You hear a loud clanging noise!
It was a scroll of noise.
Strelocc's ghost points at you and mumbles some strange words.
The magic dart hits you!
* * * LOW HITPOINT WARNING * * *
Kroki's ghost hits you!
* * * LOW HITPOINT WARNING * * *
It was a potion of flight.
You feel very buoyant.
You fly up into the air.
Strelocc's ghost barely misses you. Kroki's ghost hits you!
You die...

..# ##### #.# #...# ##?[8$.##
#.# #.⌠.# ##8.....8##
#.###...#### #$[.......#
#..........# #).......$#
#..⌠..>..⌠.## #8.......8#
#...........# #$W......$#
#.###...###.############'''###
#.# #.⌠.# #....W@WWW§........#
#.###...###.#########§....####
#...........# #######
#############


You could see kroki's ghost, motoroller71's ghost, strelocc's ghost and
tidbits's ghost.

Vanquished Creatures
  A sky beast (D:5)
  An ogre (D:5)
  A crimson imp (D:5)
  3 iguanas
  2 worker ants
  3 adders
  An ooze (D:3)
  2 adder skeletons
  3 worms (D:2)
  A dart slug (D:2)
  4 leopard geckos
  5 giant cockroaches
  5 goblins
  5 hobgoblins
  8 jackals
  3 quokkas
  2 ball pythons
  9 bats
  4 frilled lizards
  A jackal zombie (D:5)
  3 kobolds
  9 rats
76 creatures vanquished.

Notes
Turn   | Place    | Note
-------+----------+-------------------------------------------
     0 | D:1      | Htamos the Troll Berserker began the quest for the Orb.
     0 | D:1      | Reached XP level 1. HP: 22/22 MP: 0/0
   181 | D:1      | Reached XP level 2. HP: 29/29 MP: 1/1
   727 | D:1      | Reached ** piety under Trog
   765 | D:1      | Reached XP level 3. HP: 36/36 MP: 2/2
   946 | D:2      | Found an iron altar of Okawaru.
  1231 | D:2      | Found a basalt altar of Yredelemnul.
  1231 | D:2      | Found a deep blue altar of Sif Muna.
  1379 | D:3      | Reached skill level 4 in Unarmed Combat
  1453 | D:3      | Reached XP level 4. HP: 35/44 MP: 3/3
  1847 | D:3      | Reached *** piety under Trog
  2438 | D:4      | Reached XP level 5. HP: 53/53 MP: 4/4
  2682 | D:4      | Found a sacrificial altar of Ru.
  3001 | D:5      | Entered Level 5 of the Dungeon
  3001 | D:5      | Noticed a sky beast
  3010 | D:5      | Killed a sky beast
  3010 | D:5      | Reached skill level 5 in Unarmed Combat
  3012 | D:5      | Reached XP level 6. HP: 55/61 MP: 5/5
  3165 | D:5      | Found a shimmering altar of Xom.
  3273 | D:5      | Found a staircase to the Ecumenical Temple.
  3320 | D:5      | Found a runed gate.
  3321 | D:5      | Found a runed gate.
  3330 | D:5      | Found a runed gate.
  3331 | D:5      | Noticed strelocc's ghost (novice DEWz)
  3331 | D:5      | Noticed motoroller71's ghost (novice GnGl)
  3331 | D:5      | Noticed kroki's ghost (novice VSFi)
  3332 | D:5      | Noticed Rrauwl's ghost (novice GnAK)
  3332 | D:5      | Noticed tidbits's ghost (amateur GnWn)
  3366 | D:5      | HP: 3/62 [kroki's ghost (7)]
  3367 | D:5      | Mangled by kroki's ghost

Vault maps used:
D:1:      saegor_arrival_simple_c, minmay_misc_feat_enclosed,
          minmay_stone_trees_medium
D:2:      nicolae_overflow_hidden_temple, gammafunk_temple_overflow_pools
D:4:      lemuel_coloured_pillars_altar
D:5:      lemuel_crystal_altar, minmay_temple_entry_junction,
          gammafunk_ghost_cemetery, first_ration

Skill      XL: |  1  2  3  4  5 |
---------------+----------------+-----
Unarmed Combat | 4 5 |  5.8
Fighting       | 3 |  3.8
Dodging        | 3 |  3.7

Action                   |  1- 3 |  4- 6 || total
-------------------------+-------+-------++-------
Melee: Unarmed           |   118 |    99 ||   217
       Punch             |     1 |     4 ||     5
Evoke: Wand              |       |     1 ||     1
  Use: Scroll            |       |     9 ||     9
       Potion            |       |     1 ||     1
  Eat: Chunk             |    19 |    16 ||    35
Armor: Animal skin       |    51 |    41 ||    92
Dodge: Dodged            |    65 |    51 ||   116
Block: Other             |       |     6 ||     6

Table legend:
 A = Spawn XP
 B = Non-spawn XP
 C = Spawn XP percentage of total XP
 D = Spawn monster count
 E = Non-spawn monster count
 F = Spawn count percentage of total count
 G = Total turns spent on level
                    A         B        C        D         E        F      G
               +---------+---------+-------+---------+---------+-------+---------
         Total |       0 |     648 |   0.0 |       0 |      76 |   0.0 |  3367
               +---------+---------+-------+---------+---------+-------+---------
           D:1 |       0 |      41 |   0.0 |       0 |      25 |   0.0 |   822
           D:2 |       0 |      34 |   0.0 |       0 |      13 |   0.0 |   487
           D:3 |       0 |      57 |   0.0 |       0 |      21 |   0.0 |   718
           D:4 |       0 |     112 |   0.0 |       0 |       6 |   0.0 |   974
           D:5 |       0 |     404 |   0.0 |       0 |      11 |   0.0 |   366
               +---------+---------+-------+---------+---------+-------+---------
